 Dungeon Crawl Stone Soup version 0.28-a0-561-gc72452776e (webtiles) character file.

Game seed: 7875527051162419712

120 Araneus the Cudgeller (level 4, -13/35 HPs)
             Began as a Demonspawn Fighter on Sept 29, 2021.
             Mangled by a wight (14 damage)
             ... on level 3 of the Dungeon.
             The game lasted 00:04:08 (2457 turns).

Araneus the Cudgeller (Demonspawn Fighter)          Turns: 2457, Time: 00:04:09

Health: -13/35     AC:  8    Str: 17    XL:     4   Next: 75%
Magic:  4/4        EV:  9    Int:  9    God:
Gold:   144        SH:  5    Dex: 19    Spells: 3/3 levels left

rFire   . . .      SeeInvis .   a - +0 flail
rCold   . . .      Faith    .   c - +0 buckler
rNeg    . . .      Spirit   .   b - +0 scale mail
rPois   .          Reflect  .   e - +0 helmet
rElec   .          Harm     .   s - +0 cloak
rCorr   .          Rampage  .   (no gloves)
Will    .....                   (no boots)
Stlth   ..........              (no amulet)
HPRegen 0.11/turn               r - +6 ring of dexterity
MPRegen 0.09/turn               (no ring)

@: no status effects
A: claws 2, demonic magic 1
a: no special abilities


You were on level 3 of the Dungeon.
You visited 1 branch of the dungeon, and saw 3 of its levels.

You collected 144 gold pieces.

Inventory:

Hand Weapons
 a - a +0 flail (weapon)
Armour
 b - a +0 scale mail (worn)
 c - a +0 buckler (worn)
 e - a +0 helmet (worn)
 m - a +0 kite shield
 s - a +0 cloak (worn)
Jewellery
 r - a +6 ring of dexterity (left claw)
Scrolls
 f - a scroll of blinking {unknown}
 g - a scroll of vulnerability {unknown}
 h - a scroll of magic mapping {unknown}
 i - a scroll of fog {unknown}
 k - a scroll of immolation {unknown}
 l - a scroll of noise {unknown}
 n - 3 scrolls of identify {unknown}
 o - a scroll of amnesia {unknown}
 p - a scroll of enchant weapon {unknown}
Potions
 d - a potion of might
 j - a potion of brilliance {unknown}
 q - a potion of curing {unknown}


   Skills:
 - Level 3.0 Fighting
 + Level 4.4 Maces & Flails
 - Level 2.6 Armour
 + Level 2.9 Shields


You had 3 spell levels left.
You didn't know any spells.
Your spell library was empty.

Dungeon Overview and Level Annotations

Branches:
Dungeon (3/15)

Altars:
Dithmenos


Innate Abilities, Weirdness & Mutations

You have very sharp fingernails.
Spells you cast may paralyse adjacent enemies.


Message History

The adder bites you but does no damage.
The quokka bites you but does no damage.
You hit the adder.
The adder is severely wounded.
The adder closely misses you.
The quokka bites you but does no damage.
The adder bites you.
The quokka bites you but does no damage.
You miss the adder.
The adder is severely wounded.
The adder bites you but does no damage. You block the quokka's attack.
You thump the adder!
You kill the adder!
The quokka closely misses you.
A wight comes into view. It is wielding a +0 battleaxe.
The quokka bites you.
A wight comes into view. It is wielding a +0 falchion.
The wight hits you with a +0 battleaxe.
You sock the wight!
The wight is heavily damaged.
The wight barely misses you.
You completely miss the wight.
The wight is heavily damaged.
The wight barely misses you.
You barely miss the wight.
The wight is heavily damaged.
The wight hits you with a +0 battleaxe! The wight barely misses you.
You closely miss the wight.
The wight is heavily damaged.
You block the wight's attack.
You barely miss the wight.
The wight is heavily damaged.
A wight comes into view. It is wielding a +0 war axe.
The wight hits you with a +0 battleaxe!!
Ouch! That really hurt!
* * * LOW HITPOINT WARNING * * *
You barely miss the wight.
The wight is heavily damaged.
You block the wight's attack. The wight hits you with a +0 battleaxe!
You die...

#.# ## #.# .## #.# >..##
#.# ..... #.# ####
.....$ #.# ..# ###....##
#.# #.# #.......#
#####.####@# ##wgr.....
#........#z####g#......#
#.##.###.#rg.#.###.z..##
#.##.# #..zwz.## #b.##
#.##.# #..z..## #.#
#.##.# ##.....## ##
#.##.# #.......# #.##.#
#........# ### #.#...
#.........#


You could see a worm, 4 wights, a quokka and a hobgoblin.

Vanquished Creatures
  3 gnolls (D:2)
  4 adders
  3 dart slugs
  3 ball pythons
  3 endoplasms
  2 hobgoblins
  3 jackals (D:2)
  8 kobolds
  2 quokkas
  8 bats
  13 frilled lizards
  3 rats
55 creatures vanquished.

Vanquished Creatures (others)
  9 plants (D:1)
9 creatures vanquished.

Grand Total: 64 creatures vanquished

Notes
Turn   | Place    | Note
-------+----------+-------------------------------------------
     0 | D:1      | Araneus the Demonspawn Fighter began the quest for the Orb.
     0 | D:1      | Reached XP level 1. HP: 18/18 MP: 1/1
   181 | D:1      | Reached skill level 2 in Maces & Flails
   226 | D:1      | Found a faded altar of an unknown god.
   466 | D:1      | Gained mutation: Spells you cast may paralyse adjacent
                  | enemies. [demonic ancestry]
   466 | D:1      | Reached XP level 2. HP: 24/24 MP: 2/2
   820 | D:1      | Reached skill level 3 in Maces & Flails
   946 | D:1      | Gained mutation: You have sharp fingernails. [demonic
                  | ancestry]
   946 | D:1      | Reached XP level 3. HP: 29/29 MP: 3/3
  1538 | D:2      | Gained mutation: You have very sharp fingernails. [demonic
                  | ancestry]
  1538 | D:2      | Reached XP level 4. HP: 35/35 MP: 4/4
  1628 | D:2      | Reached skill level 4 in Maces & Flails
  2351 | D:3      | Found a shadowy altar of Dithmenos.
  2456 | D:3      | HP: 1/35 [wight (18)]
  2457 | D:3      | Mangled by a wight

Illustrated notes

Levels and vault maps discovered:
D:1:      dpeg_arrival_line_fractal, layout_basic, shapermc_ecumenical_altar_gd,
          minmay_lizard_king
D:2:      layout_basic
D:3:      layout_loops_ring, grunt_dithmenos_smoke_and_mirrors, serial_shops,
          shop

Skill      XL: |  1  2  3  4 |
---------------+-------------+-----
Maces & Flails | 2 3 4 |  4.4
Fighting       | |  3.0
Armour         | |  2.6
Shields        | |  2.9

Action                   |  1- 3 |  4- 6 || total
-------------------------+-------+-------++-------
Melee: Flail             |   152 |    59 ||   211
Armor: Scale mail        |    81 |    30 ||   111
Dodge: Dodged            |    69 |    23 ||    92
Block: Buckler           |    40 |    13 ||    53

Table legend: (Time is in decaauts)
 A = Elapsed time spent in this place.
 B = Non-inter-level travel time spent in this place.
 C = Inter-level travel time spent in this place.
 D = Time resting spent in this place.
 E = Time spent auto-exploring this place.
 F = Levels seen in this place.
 G = Mean time per level.
                   A        B        C        D        E       F      G
               +--------+--------+--------+--------+--------+-----+--------+
         Total |   2511 |   2446 |     65 |    157 |   1820 |   3 |  837.0 |
       Dungeon |   2511 |   2446 |     65 |    157 |   1820 |   3 |  837.0 |
               +--------+--------+--------+--------+--------+-----+--------+

Top non-repeatable levels by time:
     D:2: 1141 daAuts
     D:1: 1112 daAuts
     D:3: 258 daAuts
